 Dungeon Crawl Stone Soup version 0.29-a0-340-g6efceafd81 (webtiles) character file.

Game seed: 13044996277376817992

148 spaghetti the Skirmisher (level 5, -2/57 HPs)
             Began as an Octopode Fighter on Apr 20, 2022.
             Killed from afar by a steam dragon (14 damage)
             ... with a ball of steam
             ... on level 3 of the Dungeon.
             The game lasted 00:04:15 (2534 turns).

spaghetti the Skirmisher (Octopode Fighter)         Turns: 2534, Time: 00:04:15

Health: -2/57      AC: 22    Str: 15    XL:     5   Next: 30%
Magic:  5/5        EV:  2    Int: 11    God:
Gold:   136        SH:  4    Dex: 13    Spells: 1/4 levels left

rFire   . . .      SeeInvis .   h - +2 hand axe (pain) {axe}
rCold   . . .      Faith    .   b - +0 buckler
rNeg    . . .      Spirit   .   (helmet currently unavailable)
rPois   +          Reflect  .   (no amulet)
rElec   .          Harm     .   (no ring)
rCorr   .          Rampage  .   (no ring)
Will    .....      NoTele   +   (no ring)
Stlth   ++........              (no ring)
HPRegen 0.19/turn               (no ring)
MPRegen 0.09/turn               (no ring)
                                (no ring)
                                (no ring)

@: mighty, tree-form, attractive
A: stationary, stasis, torment immunity, boosted hp, almost no armour,
(amphibious), 8 rings, (camouflage 1), (gelatinous body 1), (nimble swimmer 1),
(tentacles)
a: no special abilities


You were on level 3 of the Dungeon.
You were a tree.
You visited 1 branch of the dungeon, and saw 3 of its levels.

You collected 136 gold pieces.


Innate Abilities, Weirdness & Mutations

You are a tree.
Your roots penetrate the ground, keeping you stationary.
You cannot be teleported.
You are immune to unholy pain and torment.
Your maximum health is greatly increased.
You cannot wear most types of armour.
((You are amphibious.))
You can wear up to eight rings at the same time.
((Your skin changes colour to match your surroundings (Stealth+).))
((Your rubbery body absorbs attacks. (AC +1, EV +1)))
((You are camouflaged when in or above water. (Stealth+)))
((You have tentacles for arms and can constrict up to eight enemies at once.))


   Skills:
 + Level 4.5 Fighting
 - Level 2.0 Polearms
 * Level 3.9 Dodging
 + Level 1.7 Stealth
 - Level 3.0 Shields
 + Level 1.1 Summonings
 + Level 1.2 Necromancy


You had one spell level left.
You knew the following spells:

 Your Spells              Type           Power      Damage    Failure   Level
a - Call Canine Familiar  Summ           2%         N/A       65%         3

Your spell library contained the following spells:

 Spells                   Type           Power      Damage    Failure   Level
 Summon Guardian Golem    Hex/Summ       1%         N/A       75%         3
 Portal Projectile        Hex/Tloc       0%         N/A       80%         3
 Leda's Liquefaction      Hex/Erth       0%         N/A       99%         4
 Orb of Destruction       Conj           0%         9d5       100%        7
 Spellforged Servitor     Conj/Summ      0%         N/A       100%        7

Inventory:

Hand Weapons
 a - a +0 trident {polearm}
 e - a +0 hand axe of holy wrath {axe}
   (You found it on level 1 of the Dungeon)
 h - a +2 hand axe of pain (weapon) {axe}
   (You found it on level 1 of the Dungeon)
Missiles
 f - 74 stones (quivered) {throwing}
 n - 7 poisoned darts {throwing}
Armour
 b - a +0 buckler (worn)
Magical Staves
 s - a staff of air {!astaff}
   (You took it off a goblin on level 3 of the Dungeon)
Jewellery
 o - a ring of fire
   (You found it on level 2 of the Dungeon)
 t - a ring of resist corrosion
   (You took it off a goblin on level 3 of the Dungeon)
Scrolls
 d - a scroll of noise {unknown}
 i - 2 scrolls of identify {unknown}
 p - a scroll of teleportation {unknown}
 q - a scroll of fear {unknown}
 r - a scroll of enchant armour {unknown}
Potions
 c - 2 potions of might
 g - a potion of resistance {unknown}
 j - a potion of lignification {!q}
 k - 2 potions of attraction {!q}
 l - a potion of heal wounds {unknown}
 m - a potion of degeneration {unknown}
 u - a potion of curing {unknown}

Dungeon Overview and Level Annotations

Branches:
Dungeon (3/15)

Altars:
Nemelex Xobeh

Annotations:
D:3 3 runed translucent doors, indyram44's ghost, weakling GrFi

.. #.# #.#
#.# #.# #.#
#.# #### ##..
#.## #.# ....
.... #..# #.#
..# ...?.
#..# #.# ..#
...D #..# #.#
###
...#..###.#
.##
#ยง#โ™ฃ.....#
.<#
##.D.######
)## #...)# ##
###.># ##(#
... ... ....#
..((#


You could see a steam dragon (catching breath).


Message History

The goblin shouts!
You throw a stone {throwing}.
The stone {throwing} closely misses the goblin.
You miss the goblin. Your grab misses the goblin.
Your squeeze misses the goblin. The goblin closely misses you.
You slash the goblin!
You kill the goblin!
No target in view!
No target in view!
No target in view!
No target in view!
No target in view!
No target in view!
No target in view!
No target in view!
No target in view!
No target in view!
No target in view!
No target in view!
No target in view!
Things that are here:
a +0 dagger {short}; a goblin corpse You hear the rapid rusting of a drain nearby.
You see here a +0 falchion {long}.
Found a stone staircase leading down.
A goblin comes into view. It is wielding a +0 dagger.
A goblin is nearby!
A goblin is nearby!
A goblin is nearby!
You throw a stone {throwing}.
The stone {throwing} hits the goblin but does no damage.
The goblin shouts!
You hear the rapid rusting of a drain very nearby.
You throw a stone {throwing}.
The stone {throwing} closely misses the goblin.
You throw a stone {throwing}.
The stone {throwing} closely misses the goblin.
You throw a stone {throwing}. The stone {throwing} hits the goblin.
You throw a stone {throwing}.
The stone {throwing} completely misses the goblin.
You slash the goblin!
You kill the goblin!
No target in view!
No target in view!
No target in view!
No target in view!
No target in view!
No target in view!
No target in view!
No target in view!
No target in view!
No target in view!
No target in view!
No target in view!
No target in view!
No target in view!
No target in view!
No target in view!
A steam dragon comes into view.
You see here a +0 dagger {short}.
A steam dragon is nearby!
A steam dragon is nearby!
A steam dragon is nearby!
You throw a stone {throwing}.
The stone {throwing} hits the steam dragon but does no damage.
The steam dragon hisses angrily.
The steam dragon breathes steam at you.
The ball of steam hits you! ๐Ÿ˜ฎ HP[-12]
You take 12 damage, and now have 26/38 hp.
MASSIVE DAMAGE!! (PAUSE)
You start resting.
A steam dragon is nearby!
You hit the steam dragon. The steam dragon closely misses you.
The steam dragon barely misses you. The steam dragon completely misses you.
The steam dragon barely misses you.
You hit the steam dragon but do no damage.
The steam dragon bites you. The steam dragon claws you. ๐Ÿ˜ฎ HP[-5]
You take 5 damage, and now have 21/38 hp.
You hit the steam dragon. The steam dragon bites you!
* * * LOW HITPOINT WARNING * * *
The steam dragon claws you.
* * * LOW HITPOINT WARNING * * *
๐Ÿ˜จ HP[-11]
You take 11 damage, and now have 10/38 hp.
MASSIVE DAMAGE!! (PAUSE) It was a potion of attraction.
You feel attractive to monsters. You block the steam dragon's attack.
The steam dragon barely misses you. ๐Ÿ˜จ HP[+1] It was a potion of lignification.
You turn into a tree.
Your roots penetrate the ground.
The steam dragon bites you.
* * * LOW HITPOINT WARNING * * *
The steam dragon claws you but does no damage.
You now have 57 max hp (+19).
You feel very mighty all of a sudden. The steam dragon breathes steam at you.
The ball of steam hits you!
You die...

Skill      XL: |  1  2  3  4 |
---------------+-------------+-----
Fighting       | 4 |  4.5
Stealth        | 1 |  1.7
Summonings     | 1 |  1.1
Necromancy     | 1 |  1.2
Polearms       | |  2.0
Dodging        | |  3.9
Shields        | |  3.0

Action                   |  1- 3 |  4- 6 || total
-------------------------+-------+-------++-------
Melee: Trident           |    28 |       ||    28
       Constrict         |    15 |    11 ||    26
       Tentacles         |     6 |     8 ||    14
       Punch             |     1 |       ||     1
       Hand axe          |    30 |    46 ||    76
Throw: Stone             |    72 |    58 ||   130
       Dart              |     5 |     2 ||     7
  Use: Potion            |       |     3 ||     3
 Stab: Sleeping          |       |     1 ||     1
Armor: Skin              |     3 |     1 ||     4
Dodge: Dodged            |    24 |    22 ||    46
Block: Buckler           |     8 |    11 ||    19

Levels and vault maps discovered:
D:1:      shiori_arrival_maze, layout_basic, chequers_ecumenical_altar_grove
D:2:      layout_loops_ring, basic_altar, minmay_heptomino_h4
D:3:      layout_basic, ebering_ghost_rock_garden, gup_sewer_entry_glass,
          grunt_ministairs_5

Notes
Turn   | Place    | Note
-------+----------+-------------------------------------------
     0 | D:1      | spaghetti the Octopode Fighter began the quest for the Orb.
     0 | D:1      | Reached XP level 1. HP: 16/16 MP: 1/1
     0 | D:1      | magus.rc [v1.9.6]
    80 | D:1      | Reached XP level 2. HP: 9/22 MP: 2/2
   481 | D:1      | Reached skill level 4 in Fighting
   497 | D:1      | Reached XP level 3. HP: 23/27 MP: 3/3
   835 | D:1      | Found a faded altar of an unknown god.
   982 | D:2      | You pick up a book of the Hunter and begin reading...
   982 | D:2      | You add the spells Call Canine Familiar, Portal Projectile
                  | and Leda's Liquefaction to your library.
  1202 | D:2      | Reached XP level 4. HP: 33/33 MP: 4/4
  1209 | D:2      | You pick up a book of Dangerous Friends and begin
                  | reading...
  1209 | D:2      | You add the spells Summon Guardian Golem, Orb of
                  | Destruction and Spellforged Servitor to your library.
  1214 | D:2      | Learned a level 3 spell: Call Canine Familiar
  1478 | D:2      | Reached skill level 1 in Stealth
  1538 | D:2      | Found a sparkling altar of Nemelex Xobeh.
  1918 | D:3      | Found a runed translucent gate.
  1918 | D:3      | Found a runed translucent gate.
  1918 | D:3      | Found a runed translucent gate.
  1918 | D:3      | Noticed indyram44's ghost (weakling GrFi)
  1986 | D:3      | Reached skill level 1 in Summonings
  1986 | D:3      | Reached skill level 1 in Necromancy
  1986 | D:3      | Reached XP level 5. HP: 37/38 MP: 5/5
  2524 | D:3      | Noticed a steam dragon
  2533 | D:3      | HP: 11/57 [steam dragon (5)]
  2534 | D:3      | Killed from afar by a steam dragon

Vanquished Creatures
  A hound (D:2)
  4 adders
  A gnoll (D:1)
  3 worms
  A dart slug (D:2)
  An orc (D:3)
  5 ball pythons
  2 endoplasms (D:2)
  2 giant cockroaches (D:2)
  3 hobgoblins
  3 jackals (D:1)
  6 bats
  2 frilled lizards (D:1)
  14 goblins
  7 kobolds
  6 rats
61 creatures vanquished.

Table legend:
 A = Non-vault XP
 B = Vault XP
 C = Vault XP percentage of total XP
 D = Non-vault monster count
 E = Vault monster count
 F = Vault count percentage of total count
                 A         B        C        D         E       F
            +---------+---------+-------+---------+---------+-------
      Total |     199 |      13 |   6.1 |      55 |       6 |   9.8
            +---------+---------+-------+---------+---------+-------
        D:1 |      45 |       2 |   4.3 |      23 |       2 |   8.0
        D:2 |      94 |       7 |   6.9 |      20 |       2 |   9.1
        D:3 |      60 |       4 |   6.2 |      12 |       2 |  14.3
            +---------+---------+-------+---------+---------+-------

Illustrated notes

Table legend:
 A = Kills in this place as a percentage of kills in entire the game.
 B = Kills by you in this place as a percentage of kills by you in the entire game.
 C = Kills by friends in this place as a percentage of kills by friends in the entire game.
 D = Other kills in this place as a percentage of other kills in the entire game.
 E = Experience gained in this place as a percentage of experience gained in the entire game.
 F = Experience gained in this place divided by the number of levels of this place that you have seen.
                   A       B       C       D       E      F
               +-------+-------+-------+-------+-------+----------------------
         Total | 100.0 | 100.0 |   N/A |   N/A | 100.0 |  70.7
       Dungeon | 100.0 | 100.0 |   N/A |   N/A | 100.0 |  70.7
               +-------+-------+-------+-------+-------+----------------------

Table legend: (Time is in decaauts)
 A = Elapsed time spent in this place.
 B = Non-inter-level travel time spent in this place.
 C = Inter-level travel time spent in this place.
 D = Time resting spent in this place.
 E = Time spent auto-exploring this place.
 F = Levels seen in this place.
 G = Mean time per level.
                   A        B        C        D        E       F      G
               +--------+--------+--------+--------+--------+-----+--------+
         Total |   2580 |   2528 |     52 |     51 |   2047 |   3 |  860.0 |
       Dungeon |   2580 |   2528 |     52 |     51 |   2047 |   3 |  860.0 |
               +--------+--------+--------+--------+--------+-----+--------+

Top non-repeatable levels by time:
     D:1: 993 daAuts
     D:2: 834 daAuts
     D:3: 752 daAuts
